cohdb
Replays
Latest Replays
All Replays
Popular Replays
Top Player Replays
Match Explorer
How It Works
Community
CoH3 Stats
Reddit
Sign in to upload your games and track your stats! →
Sign in with Steam
Match 43060102
Unlisted
Match 43060102
Overview
Messages
Build Orders
End
Royal Engineer Section
Construct Section Command Post
Selects Canadian Shock Battlegroup
Dingo Light Scout Car
Infantry Section
Infantry Section
Selects Attacking Spirit
Selects Canadian Shock Section
Canadian Shock Section
Construct Platoon Command Post
Grenade Package
Selects Incendiary Munitions
Humber Armored Car
Construct Field Infirmary
Canadian Shock Section
Selects Pyrotechnics
Construct Company Command Post
Unlock M3 Grant Medium Tanks
Trion
Imagodei
0
0
Comments
sign in to comment!
No comments posted yet!